[Event "Titled Tuesday Blitz May 03 Early 2022"]
[White "Reprintsev, Alexander"]
[Black "Lopez, Henry"]
[WhiteFideId "14100541"]
[BlackFideId "5203830"]
[WhiteElo "2108"]
[BlackElo "2177"]
[Result "0-1"]
[Round "04"]
[TimeControl "180+1"]
[Date "2022.05.03"]
[WhiteClock "0:01:17"]
[BlackClock "0:00:23"]

1. e4 c5 2. b3 g6 3. Bb2 Nf6 4. e5 Nd5 5. Nc3 Nb6 6. Nf3 Bg7 7. a4 d6 8. a5 N6d7 9. exd6 exd6 10. Qe2+ Ne5 11. Nd5 Nc6 12. Nxe5 dxe5 13. c4 O-O 14. a6 bxa6 15. g3 Nd4 16. Qd1 Bf5 17. d3 e4 18. Bg2 exd3 19. Bxd4 Bxd4 20. O-O h5 21. Rxa6 Re8 22. Qd2 Re2 23. Qf4 Rb8 24. Bf3 Rxb3 25. Bxe2 dxe2 26. Re1 Qe8 27. Qxd4 cxd4 28. Nf6+ Kf8 29. Nxe8 d3 30. Nd6 d2 31. Raa1 Bb1 0-1


[Site "https://www.chess.com"]

[Event "Titled Tuesday Blitz May 03 Early 2022"]
[White "Rodchenkov, Sergey D."]
[Black "Nan, M K Khine Hlyan"]
[WhiteFideId "4168712"]
[BlackFideId "13002899"]
[WhiteElo "2306"]
[BlackElo "1943"]
[Result "1-0"]
[Round "04"]
[TimeControl "180+1"]
[Date "2022.05.03"]
[WhiteClock "0:01:33"]
[BlackClock "0:01:18"]

1. e4 e5 2. Nf3 Nc6 3. Bc4 Bc5 4. O-O Nf6 5. d3 h6 6. Nbd2 O-O 7. c3 d6 8. h3 Be6 9. Bxe6 fxe6 10. b4 Bb6 11. a4 a5 12. b5 Ne7 13. Nc4 Ng6 14. Nxb6 cxb6 15. Re1 Nf4 16. Bxf4 exf4 17. e5 dxe5 18. Rxe5 Qd6 19. d4 Nd5 20. Qb3 Rac8 21. Rae1 Rxc3 22. Rxd5 Rxf3 23. Rxd6 Rxb3 24. Rxb6 Rb4 25. Rxb7 Rxd4 26. Ra7 Rxa4 27. Rb1 e5 28. b6 Rb4 29. Rxb4 axb4 30. b7 b3 31. Ra8 b2 32. Rxf8+ Kxf8 33. b8=Q+ 1-0


[Site "https://www.chess.com"]

[Event "Titled Tuesday Blitz May 03 Early 2022"]
[White "Rosen, Eric"]
[Black "Estrada Nieto, Julian"]
[WhiteFideId "2032562"]
[BlackFideId "5101018"]
[WhiteElo "2362"]
[BlackElo "2252"]
[Result "1-0"]
[Round "04"]
[TimeControl "180+1"]
[Date "2022.05.03"]
[WhiteClock "0:00:39"]
[BlackClock "0:00:02"]

1. d4 d5 2. Bf4 Nf6 3. e3 c5 4. Nf3 Nc6 5. Nbd2 e6 6. c3 h6 7. Bb5 Bd6 8. Bg3 O-O 9. Bxc6 bxc6 10. Qa4 Bxg3 11. hxg3 Qb6 12. Qa3 cxd4 13. cxd4 Ba6 14. Nb3 Ne4 15. Ne5 Qb5 16. Nc1 c5 17. Ned3 cxd4 18. exd4 Rac8 19. O-O Nd2 20. Rd1 Nc4 21. Qb3 Rb8 22. Qxb5 Bxb5 23. b3 Nd6 24. Nc5 Rfc8 25. a4 Be8 26. N1d3 Ne4 27. Rac1 a5 28. Kh2 Kf8 29. f3 Nxc5 30. Nxc5 Ke7 31. Kg1 Kd6 32. Kf2 Rc7 33. Rc3 Rbc8 34. Rdc1 f6 35. Nb7+ Kd7 36. Nc5+ Ke7 37. f4 Bd7 38. Ke3 Kd6 39. Kd2 Rb8 40. Ne4+ dxe4 41. Rxc7 Rxb3 42. R7c3 Rb2+ 43. R1c2 Rb4 44. Rc4 Bxa4 45. Rxb4 axb4 46. Rc4 Bc6 47. Rxb4 e3+ 48. Kxe3 Bxg2 49. Ra4 g5 50. Ra6+ Ke7 51. Ra7+ Kf8 52. Rh7 gxf4+ 53. gxf4 f5 54. Rxh6 Be4 55. Rh7 Bd5 56. Ra7 Ke8 57. Kf2 Kd8 58. Kg3 Kc8 59. Rg7 Kb8 60. Kh4 Kc8 61. Kg5 Kd8 62. Kf6 Ke8 63. Rh7 Kd8 64. Ke5 Kc8 65. Kd6 Kb8 66. Re7 Kc8 67. Rxe6 Bxe6 68. Kxe6 1-0


[Site "https://www.chess.com"]

[Event "Titled Tuesday Blitz May 03 Early 2022"]
[White "Sailer, Mike"]
[Black "Valle Maytin, Luis Enrique"]
[WhiteFideId "2012901"]
[BlackFideId "3503666"]
[WhiteElo "2109"]
[BlackElo "2301"]
[Result "1-0"]
[Round "04"]
[TimeControl "180+1"]
[Date "2022.05.03"]
[WhiteClock "0:00:25"]
[BlackClock "0:00:02"]

1. d4 Nf6 2. Nf3 e6 3. Bg5 Be7 4. e3 h6 5. Bh4 O-O 6. Be2 d6 7. O-O Nc6 8. c4 e5 9. Nc3 Bg4 10. h3 Bh5 11. Bxf6 Bxf6 12. Nd5 e4 13. Nd2 Bg6 14. b4 Re8 15. b5 Nb8 16. a4 c6 17. Nxf6+ Qxf6 18. a5 Nd7 19. a6 bxa6 20. bxc6 Nb6 21. Rxa6 Rec8 22. d5 Qe5 23. Nb3 f5 24. Qd4 Qe7 25. c5 dxc5 26. Nxc5 Rd8 27. Rxb6 axb6 28. Ne6 Rd6 29. Bc4 Be8 30. Qxb6 Ra2 31. Bxa2 Bf7 32. Qb8+ Kh7 33. Nf8+ Kh8 34. Ng6+ Kh7 35. Nxe7 1-0


[Site "https://www.chess.com"]

[Event "Titled Tuesday Blitz May 03 Early 2022"]
[White "Samadov, Read"]
[Black "Safarli, Eltaj"]
[WhiteFideId "13417444"]
[BlackFideId "13402129"]
[WhiteElo "2084"]
[BlackElo "2634"]
[Result "0-1"]
[Round "04"]
[TimeControl "180+1"]
[Date "2022.05.03"]
[WhiteClock "0:00:05"]
[BlackClock "0:01:25"]

1. d4 Nf6 2. c4 e6 3. Nf3 d5 4. g3 Be7 5. Bg2 O-O 6. O-O dxc4 7. Qc2 a6 8. a4 Nc6 9. Qxc4 Na5 10. Qc2 b6 11. Nc3 Bb7 12. Rd1 Nd5 13. e4 Nb4 14. Qe2 Nb3 15. Rb1 a5 16. Bf4 Ba6 17. Nb5 c6 18. Qe3 cxb5 19. axb5 Bb7 20. Qxb3 Bxe4 21. Rbc1 Rc8 22. Rxc8 Qxc8 23. Rc1 Qa8 24. Qe3 Qd5 25. Rc7 Bf6 26. g4 Nc2 27. Rxc2 Bxc2 28. g5 Be7 29. Ne5 Qb3 30. Qd2 Bb4 31. Qe2 Bf5 32. Nd7 Rd8 33. Nxb6 Rxd4 34. Qe5 Qd1+ 35. Bf1 Bh3 36. Qb8+ Bf8 0-1


[Site "https://www.chess.com"]

[Event "Titled Tuesday Blitz May 03 Early 2022"]
[White "Samant Aditya S"]
[Black "Lamaze, Simon"]
[WhiteFideId "35080580"]
[BlackFideId "36069264"]
[WhiteElo "1916"]
[BlackElo "1999"]
[Result "1-0"]
[Round "04"]
[TimeControl "180+1"]
[Date "2022.05.03"]
[WhiteClock "0:00:05"]
[BlackClock "0:00:21"]

1. e4 c5 2. Nf3 Nc6 3. d4 cxd4 4. Nxd4 Nf6 5. Nc3 d6 6. Bg5 Bd7 7. Qd2 a6 8. Bxf6 gxf6 9. Bc4 e6 10. Bb3 h5 11. f4 Bh6 12. g3 Qb6 13. O-O-O O-O-O 14. Nf3 Be8 15. Kb1 Kb8 16. Qe2 Bf8 17. Rd2 Qa5 18. Rhd1 Be7 19. a3 Bd7 20. Qe3 Rc8 21. Na4 Kc7 22. Rd3 b5 23. Nc5 Qb6 24. Nxd7 Qxe3 25. Rxe3 Kxd7 26. Red3 Na5 27. Ba2 Nc4 28. Rd4 Nb6 29. Bb3 a5 30. c3 Rc5 31. Kc2 a4 32. Ba2 Rhc8 33. Rb4 Na8 34. Nd4 Nc7 35. Kd3 Rg8 36. c4 bxc4+ 37. Rxc4 h4 38. Rxc5 dxc5 39. Ne2 hxg3 40. hxg3 Kc6 41. Bc4 Rb8 42. Kc2 Rh8 43. Rd2 Rh3 44. Rd3 Rh2 45. Rd2 Rg2 46. Kd1 Na8 47. Nd4+ cxd4 48. Rxg2 Nb6 49. Bd3 f5 50. exf5 Nd5 51. Rc2+ Kd6 52. Rh2 exf5 53. Kd2 Bd8 54. Rh6+ Kc5 55. Rh7 Ba5+ 56. Ke2 f6 57. Ra7 Kb6 58. Ra6+ 1-0


[Site "https://www.chess.com"]

[Event "Titled Tuesday Blitz May 03 Early 2022"]
[White "Samarth, J Rao"]
[Black "Janaszak, Dawid"]
[WhiteFideId "46652370"]
[BlackFideId "1119206"]
[WhiteElo "1514"]
[BlackElo "2199"]
[Result "0-1"]
[Round "04"]
[TimeControl "180+1"]
[Date "2022.05.03"]
[WhiteClock "0:00:45"]
[BlackClock "0:02:09"]

1. d4 Nf6 2. c4 g6 3. Nc3 Bg7 4. e4 d6 5. f4 c5 6. d5 O-O 7. Nf3 b5 8. cxb5 a6 9. b6 Nbd7 10. Bd3 Qxb6 11. Qe2 a5 12. Bc4 Ba6 13. Bxa6 Qxa6 14. Qxa6 Rxa6 15. O-O a4 16. a3 Rb8 17. h3 Nb6 18. Nd2 Nfd7 19. Rd1 f5 20. exf5 gxf5 21. Kf2 Bxc3 22. bxc3 Nxd5 23. c4 Nxf4 24. Nf3 Ng6 25. Bg5 Kf7 26. Re1 Rb2+ 27. Kg1 Rab6 28. h4 Nge5 29. Nxe5+ Nxe5 30. Rf1 e6 0-1


[Site "https://www.chess.com"]

[Event "Titled Tuesday Blitz May 03 Early 2022"]
[White "Sanchez, Robert"]
[Black "Zavgorodniy, Sergiy"]
[WhiteFideId "2034360"]
[BlackFideId "14110148"]
[WhiteElo "2439"]
[BlackElo "2420"]
[Result "1-0"]
[Round "04"]
[TimeControl "180+1"]
[Date "2022.05.03"]
[WhiteClock "0:01:06"]
[BlackClock "0:00:06"]

1. e4 e5 2. Nf3 d6 3. Bc4 Be7 4. d3 Nf6 5. h3 O-O 6. O-O c6 7. a4 Nbd7 8. Nc3 Nc5 9. Be3 d5 10. Bxc5 Bxc5 11. exd5 cxd5 12. Bb3 Re8 13. Re1 Qb6 14. Rxe5 Bxf2+ 15. Kh1 Be6 16. Qe2 Bg3 17. Rf1 Bxe5 18. Nxe5 Qd4 19. Nb5 Qxb2 20. Nc7 Bg4 21. hxg4 Rxe5 22. Qf3 Rc8 23. Nxd5 Rxd5 24. Bxd5 Qe5 25. Bxb7 Rxc2 26. d4 Qg5 27. Be4 Rc1 28. Rxc1 Qxc1+ 29. Kh2 h6 30. Bd3 Qg5 31. Qa8+ 1-0


[Site "https://www.chess.com"]

[Event "Titled Tuesday Blitz May 03 Early 2022"]
[White "Sarana, Alexey"]
[Black "Hansen, Eric"]
[WhiteFideId "24133795"]
[BlackFideId "2606771"]
[WhiteElo "2666"]
[BlackElo "2568"]
[Result "1-0"]
[Round "04"]
[TimeControl "180+1"]
[Date "2022.05.03"]
[WhiteClock "0:00:14"]
[BlackClock "0:00:02"]

1. d4 Nf6 2. c4 e6 3. Nc3 Bb4 4. e3 O-O 5. Bd3 c5 6. Ne2 Nc6 7. O-O d6 8. Na4 cxd4 9. exd4 Ba5 10. a3 d5 11. c5 Bc7 12. Nac3 h6 13. b4 a6 14. h3 Re8 15. f4 b6 16. Be3 bxc5 17. bxc5 Rb8 18. Qc2 Ne7 19. Bf2 Nh5 20. Bh4 Qd7 21. g4 Nf6 22. Bxf6 gxf6 23. Ng3 Nc6 24. Nh5 Qe7 25. Ne2 Bd8 26. Rf3 Qb7 27. Qd1 Kf8 28. Bc2 Qc7 29. Ba4 Rb2 30. Qd3 f5 31. gxf5 exf5 32. Neg3 Re4 33. Bxc6 Qxc6 34. Rd1 Ba5 35. Qf1 Qg6 36. Kh1 Bd7 37. a4 Bxa4 38. Ra1 Rb4 39. Nxe4 fxe4 40. Rg3 Qxh5 41. Qxa6 Bc7 42. Qc8+ Be8 43. Qxc7 1-0


[Site "https://www.chess.com"]

[Event "Titled Tuesday Blitz May 03 Early 2022"]
[White "Saravana, Krishnan P."]
[Black "Kanyamarala, Trisha"]
[WhiteFideId "5018382"]
[BlackFideId "45004722"]
[WhiteElo "2210"]
[BlackElo "2079"]
[Result "1-0"]
[Round "04"]
[TimeControl "180+1"]
[Date "2022.05.03"]
[WhiteClock "0:00:20"]
[BlackClock "0:00:01"]

1. d4 Nf6 2. c4 e6 3. Nf3 d5 4. Nc3 Bb4 5. Qa4+ Nc6 6. e3 O-O 7. Bd2 dxc4 8. Bxc4 Bd6 9. O-O e5 10. dxe5 Nxe5 11. Nxe5 Bxe5 12. Rad1 Bxh2+ 13. Kxh2 Ng4+ 14. Kg3 Qg5 15. f4 Qg6 16. Kf3 Nh2+ 17. Kf2 Nxf1 18. Bxf1 Bg4 19. Rc1 Rad8 20. Be1 a6 21. Qe4 Qb6 22. Bd3 g6 23. Nd5 Qxb2+ 24. Rc2 Qg7 25. Rxc7 Rfe8 26. Ne7+ Kf8 27. Bb4 Rxd3 28. Nxg6+ Kg8 29. Qxe8+ 1-0


[Site "https://www.chess.com"]

[Event "Titled Tuesday Blitz May 03 Early 2022"]
[White "Schut, Han"]
[Black "Mikhalsky, Vladimir"]
[WhiteFideId "1005561"]
[BlackFideId "14144352"]
[WhiteElo "2057"]
[BlackElo "2301"]
[Result "1-0"]
[Round "04"]
[TimeControl "180+1"]
[Date "2022.05.03"]
[WhiteClock "0:00:52"]
[BlackClock "0:00:11"]

1. e4 g6 2. d4 Bg7 3. Nc3 Nf6 4. e5 Ng8 5. f4 d5 6. Nf3 h5 7. Bd3 Nh6 8. O-O Bf5 9. Ne2 e6 10. c3 Nd7 11. Be3 Ng4 12. Qd2 c5 13. dxc5 Nxe3 14. Qxe3 Bxd3 15. Qxd3 Nxc5 16. Qb5+ Nd7 17. g3 O-O 18. h3 Qc7 19. Kg2 a6 20. Qd3 Nc5 21. Qd1 Qb6 22. Rb1 Ne4 23. Ned4 Rac8 24. Nd2 Nc5 25. N2b3 Ne4 26. Nd2 Rfd8 27. Nxe4 dxe4 28. Qe2 Qa5 29. Qxe4 Qxa2 30. Rf2 Qd5 31. Qxd5 Rxd5 32. Rd1 Bf8 33. Rfd2 Rcd8 34. Nf3 Rxd2+ 35. Rxd2 Rxd2+ 36. Nxd2 Be7 37. g4 hxg4 38. hxg4 Kf8 39. Kf3 Ke8 40. Ke4 Kd7 41. f5 gxf5+ 42. gxf5 Kc6 43. Nf3 a5 44. f6 Bf8 45. Ng5 Kb5 46. b3 a4 47. bxa4+ Kxa4 48. Nxf7 Kb3 49. Kd3 b5 50. Ng5 b4 51. cxb4 Kxb4 52. Nxe6 Bh6 53. Ke4 Kb5 54. Kd5 Kb6 55. f7 Kb7 56. f8=Q Bxf8 57. Nxf8 Kc8 58. Ke6 Kd8 59. Kf7 Kc7 60. e6 Kd6 61. e7 1-0


[Site "https://www.chess.com"]

[Event "Titled Tuesday Blitz May 03 Early 2022"]
[White "Shimanov, Aleksandr"]
[Black "Sargsyan, Anna M."]
[WhiteFideId "4198603"]
[BlackFideId "13308130"]
[WhiteElo "2636"]
[BlackElo "2271"]
[Result "1-0"]
[Round "04"]
[TimeControl "180+1"]
[Date "2022.05.03"]
[WhiteClock "0:00:09"]
[BlackClock "0:00:05"]

1. e4 e5 2. Nf3 Nc6 3. Nc3 Nf6 4. h3 g6 5. Bc4 Bg7 6. d3 O-O 7. a4 d6 8. Bg5 h6 9. Be3 Be6 10. Qd2 Kh7 11. Bxe6 fxe6 12. d4 exd4 13. Nxd4 Nxd4 14. Bxd4 d5 15. exd5 exd5 16. O-O c6 17. a5 a6 18. Rfe1 Qd7 19. f3 Rae8 20. Na4 Qc7 21. Nc5 Nh5 22. Ne6 Rxe6 23. Rxe6 Rxf3 24. Bxg7 Nxg7 25. Re3 Rf7 26. Rae1 Nf5 27. Re5 Nd6 28. Qd4 Ne4 29. Re8 Rg7 30. Rf1 h5 31. Rff8 g5 32. Rh8+ Kg6 33. Re6+ Kf5 34. Rxe4 dxe4 35. Rf8+ Kg6 36. Qxe4+ Kh6 37. Rh8+ Rh7 38. Re8 Rf7 39. Re6+ Kg7 40. Qg6+ Kf8 41. Qh6+ Rg7 42. Rf6+ Kg8 43. Qxh5 Qe5 44. Rf1 Qe3+ 45. Kh1 g4 46. h4 g3 47. Qf5 Qe7 48. Qf4 Rf7 49. Qxf7+ Qxf7 50. Rxf7 Kxf7 51. Kg1 Kg6 52. Kf1 Kh5 53. Ke2 Kg4 54. Ke3 c5 55. c4 Kh5 56. Kf3 Kxh4 57. Kf4 Kh5 58. Kxg3 Kg5 59. Kf3 Kf5 60. g4+ Kg5 61. Kg3 1-0


[Site "https://www.chess.com"]

[Event "Titled Tuesday Blitz May 03 Early 2022"]
[White "Shohat, Yotam"]
[Black "Bommini, Mounika Akshaya"]
[WhiteFideId "2813955"]
[BlackFideId "25019872"]
[WhiteElo "2119"]
[BlackElo "1671"]
[Result "1-0"]
[Round "04"]
[TimeControl "180+1"]
[Date "2022.05.03"]
[WhiteClock "0:00:07"]
[BlackClock "0:00:08"]

1. e4 Nc6 2. d4 e5 3. d5 Nce7 4. c4 Ng6 5. Be3 Nf6 6. Bd3 d6 7. h3 Nh4 8. Kf1 Be7 9. Nc3 h6 10. Nf3 Ng6 11. g3 O-O 12. Kg2 Bd7 13. b4 Qc8 14. c5 Nh5 15. Qc2 f5 16. exf5 Bxf5 17. Bxf5 Rxf5 18. Rac1 Qf8 19. Qe4 Qf7 20. Ne2 Rf8 21. Neg1 Bd8 22. c6 bxc6 23. Rxc6 Kh8 24. Rc2 Rf6 25. Ne1 Be7 26. Ngf3 Bd8 27. Nh4 Nxh4+ 28. Qxh4 Qg6 29. Qg4 Qe8 30. Qe4 Qa4 31. Re2 Be7 32. Nd3 Qb5 33. g4 Nf4+ 34. Bxf4 exf4 35. f3 Bd8 36. Rhe1 R6f7 37. Nf2 Re7 38. Qd3 Qxd3 39. Nxd3 Rxe2+ 40. Rxe2 Bf6 41. Nxf4 Bc3 42. Ng6+ Kg8 43. Nxf8 Kxf8 44. Rc2 Bxb4 45. Rxc7 Bc5 46. f4 Kg8 47. Kf3 Kf8 48. Ke4 Kg8 49. a4 Kf8 50. a5 Kg8 51. a6 Kf8 52. Kf5 1-0


[Site "https://www.chess.com"]

[Event "Titled Tuesday Blitz May 03 Early 2022"]
[White "Shtyka, Sergey"]
[Black "Kozak, Antoni"]
[WhiteFideId "4138465"]
[BlackFideId "21832030"]
[WhiteElo "2014"]
[BlackElo "2236"]
[Result "0-1"]
[Round "04"]
[TimeControl "180+1"]
[Date "2022.05.03"]
[WhiteClock "0:00:05"]
[BlackClock "0:00:15"]

1. e4 c5 2. Nf3 d6 3. d4 cxd4 4. Nxd4 Nf6 5. Nc3 a6 6. Bc4 e6 7. O-O Be7 8. Be3 O-O 9. f4 Nxe4 10. Nxe4 d5 11. Bd3 dxe4 12. Bxe4 Nd7 13. Bf3 Nf6 14. c4 Qc7 15. Qe2 Bd7 16. b3 Rad8 17. Rad1 Bc8 18. Qf2 e5 19. fxe5 Qxe5 20. Rfe1 Bc5 21. Nc2 Bxe3 22. Qxe3 Qb2 23. Rxd8 Rxd8 24. Nb4 Be6 25. Bxb7 a5 26. Nd5 Bxd5 27. Bxd5 Rf8 28. Qf2 Qa3 29. h3 h6 30. Rd1 a4 31. Qf3 Qxa2 32. bxa4 Qxa4 33. Rf1 Qb4 34. Qg3 Nxd5 35. cxd5 Qd4+ 36. Kh1 Qxd5 37. Qf3 Qd8 38. Qf2 g6 39. Qf4 h5 40. Qh6 Qd4 41. Rf3 Re8 42. Rf1 Qd3 43. Qf4 Qd5 44. Qf2 Re5 45. Qf3 Qe6 46. Qa8+ Kg7 47. Qf3 Rf5 48. Qc3+ Kh7 49. Rxf5 Qxf5 50. Qg3 Qf1+ 51. Kh2 Qf5 52. Qc7 Qe6 53. Qf4 Kg7 54. Qd4+ Qf6 55. Qe3 g5 56. Kh1 h4 57. Qe1 Qd4 58. Qf1 f6 59. Qb1 Kh6 60. Qf1 Kg7 61. Qf5 Qa1+ 62. Kh2 Qe5+ 63. Qxe5 fxe5 64. Kg1 Kf6 65. Kf2 Kf5 66. Kf3 e4+ 67. Ke3 Ke5 68. Ke2 Kf4 69. Kf2 e3+ 70. Ke2 Ke4 71. Ke1 Kd3 72. Kd1 e2+ 73. Ke1 Ke3 74. g4 hxg3 75. h4 g2 0-1


[Site "https://www.chess.com"]

[Event "Titled Tuesday Blitz May 03 Early 2022"]
[White "Simonovic, Miroslav"]
[Black "Iljin, Timofey"]
[WhiteFideId "919152"]
[BlackFideId "14110180"]
[WhiteElo "2043"]
[BlackElo "2396"]
[Result "0-1"]
[Round "04"]
[TimeControl "180+1"]
[Date "2022.05.03"]
[WhiteClock "0:00:05"]
[BlackClock "0:00:55"]

1. d4 Nf6 2. Bg5 Ne4 3. h4 h6 4. Bf4 c5 5. dxc5 e5 6. Bxe5 Bxc5 7. e3 Qb6 8. Nf3 O-O 9. Bd4 Nc6 10. Bxc5 Nxc5 11. b3 d5 12. c3 Ne4 13. Be2 Bf5 14. O-O Rfd8 15. Nd4 Bh7 16. Bd3 Rac8 17. f3 Nf6 18. Bxh7+ Nxh7 19. Qd3 Ne5 20. Qb5 Qf6 21. Qxb7 Qxh4 22. Qxa7 Ng5 23. Ne2 Rd6 24. Qd4 Nexf3+ 25. Rxf3 Nxf3+ 26. gxf3 Rg6+ 27. Kf1 Qh1+ 28. Ng1 Rxg1+ 29. Ke2 Qg2+ 30. Kd3 Rd1+ 0-1


[Site "https://www.chess.com"]

[Event "Titled Tuesday Blitz May 03 Early 2022"]
[White "Skliarov, Viktor"]
[Black "Warchol, Kamil"]
[WhiteFideId "14106736"]
[BlackFideId "21858241"]
[WhiteElo "2229"]
[BlackElo "1910"]
[Result "1-0"]
[Round "04"]
[TimeControl "180+1"]
[Date "2022.05.03"]
[WhiteClock "0:00:12"]
[BlackClock "0:00:10"]

1. e4 c5 2. Nf3 e6 3. c3 d5 4. e5 d4 5. Bb5+ Bd7 6. Bxd7+ Qxd7 7. c4 d3 8. O-O Nc6 9. Re1 Nh6 10. Re4 Nf5 11. Nc3 Be7 12. b3 h5 13. Bb2 O-O 14. Qf1 Rad8 15. Rae1 Nb4 16. g3 g6 17. Qh3 Nc2 18. Rf1 Ncd4 19. Nxd4 Nxd4 20. f4 Qc6 21. Qg2 b5 22. cxb5 Nxb5 23. Nxb5 Qxb5 24. h3 Rc8 25. Rc4 Qc6 26. Qxc6 Rxc6 27. Rfc1 Ra6 28. a3 Rb8 29. R1c3 Rab6 30. Rxd3 Rxb3 31. Bc3 Rxa3 32. Rd7 Bf8 33. g4 hxg4 34. hxg4 a5 35. f5 a4 36. f6 Ra2 37. Ra7 a3 38. Rca4 c4 39. Rxc4 Rc2 40. Kg2 Rd8 41. Rca4 Bh6 42. Ra8 Bxd2 43. Rxd8+ 1-0


[Site "https://www.chess.com"]

[Event "Titled Tuesday Blitz May 03 Early 2022"]
[White "Souleidis, Georgios"]
[Black "Jones, Gawain C B"]
[WhiteFideId "4206827"]
[BlackFideId "409561"]
[WhiteElo "2401"]
[BlackElo "2657"]
[Result "0-1"]
[Round "04"]
[TimeControl "180+1"]
[Date "2022.05.03"]
[WhiteClock "0:00:02"]
[BlackClock "0:01:05"]

1. e4 e5 2. Nf3 Nc6 3. Nc3 Nf6 4. d4 exd4 5. Nd5 Be7 6. Bc4 Nxe4 7. O-O Nf6 8. Re1 O-O 9. Nxe7+ Nxe7 10. Qxd4 d5 11. Bd3 Bf5 12. Bg5 Nc6 13. Qh4 Bxd3 14. cxd3 h6 15. Bxf6 Qxf6 16. Qxf6 gxf6 17. Rac1 Rfe8 18. Kf1 Kf8 19. a3 Re6 20. Nh4 h5 21. Nf5 Re5 22. Rxe5 fxe5 23. Ng3 h4 24. Nf5 h3 25. gxh3 Re8 26. Ne3 Rd8 27. Nf5 Rd7 28. Ke2 Ne7 29. Nxe7 Kxe7 30. Ke3 c6 31. d4 Kf6 32. Rg1 Re7 33. dxe5+ Rxe5+ 34. Kd3 Rf5 35. Ke3 Ke5 36. Rg8 d4+ 37. Ke2 Kd5 38. Rb8 b5 39. Rb7 a5 40. h4 Kc4 41. Rc7 d3+ 42. Ke3 Re5+ 43. Kd2 Re2+ 44. Kd1 c5 45. f3 Rxb2 46. Rxf7 Kc3 47. Rc7 Rb1# 0-1


[Site "https://www.chess.com"]

[Event "Titled Tuesday Blitz May 03 Early 2022"]
[White "Srihari L R"]
[Black "Ronka, Erik"]
[WhiteFideId "46617116"]
[BlackFideId "505080"]
[WhiteElo "2121"]
[BlackElo "2264"]
[Result "1-0"]
[Round "04"]
[TimeControl "180+1"]
[Date "2022.05.03"]
[WhiteClock "0:01:26"]
[BlackClock "0:00:10"]

1. c4 c6 2. Nf3 d5 3. d4 Nf6 4. cxd5 cxd5 5. Nc3 Nc6 6. Bf4 Bf5 7. e3 e6 8. Qb3 Bb4 9. a3 Bxc3+ 10. bxc3 Qe7 11. Be2 O-O 12. O-O Ne4 13. Rfc1 g5 14. Bg3 h5 15. h4 g4 16. Ne1 Nxg3 17. fxg3 Rac8 18. Nd3 b6 19. Nf4 Na5 20. Qb4 Qc7 21. Nxh5 Nb7 22. c4 Nd6 23. c5 Ne4 24. Qe1 bxc5 25. dxc5 Qe5 26. c6 Rc7 27. Nf4 Rfc8 28. Ba6 Rd8 29. Rab1 d4 30. exd4 Qxd4+ 31. Kh2 Qa4 32. Bb5 Qxa3 33. Rd1 Rb8 34. Bd3 Rxb1 35. Rxb1 Nc3 36. Rb8+ Kg7 37. Qe5+ 1-0


[Site "https://www.chess.com"]

[Event "Titled Tuesday Blitz May 03 Early 2022"]
[White "Stevens, Christian"]
[Black "Gatterer, Florian"]
[WhiteFideId "2604450"]
[BlackFideId "811688"]
[WhiteElo "2497"]
[BlackElo "2218"]
[Result "1-0"]
[Round "04"]
[TimeControl "180+1"]
[Date "2022.05.03"]
[WhiteClock "0:00:03"]
[BlackClock "0:00:34"]

1. e4 c5 2. Nf3 d6 3. d4 cxd4 4. Nxd4 Nf6 5. f3 e5 6. Nb3 a5 7. a4 Nc6 8. c4 Be7 9. Be3 O-O 10. Nc3 Be6 11. Be2 Nh5 12. O-O Nf4 13. Nd5 Bxd5 14. cxd5 Nb4 15. Qd2 Bg5 16. Rac1 h6 17. Kh1 Ng6 18. Bxg5 hxg5 19. Bb5 f6 20. Rc4 Rf7 21. Nxa5 Qxa5 22. Qxb4 Qxb4 23. Rxb4 Rc7 24. Bc4 Rac8 25. b3 Ra8 26. Rb6 Rd8 27. g3 Kf8 28. Ra1 Ke7 29. a5 Ra8 30. a6 bxa6 31. Rbxa6 Rxa6 32. Rxa6 Nf8 33. Kg2 Nd7 34. Rc6 Rb7 35. Kh3 Nc5 36. Kg4 g6 37. Rc8 Nxb3 38. Bxb3 Rxb3 39. Rc7+ Kf8 40. Rd7 Rb6 41. h4 gxh4 42. gxh4 Ke8 43. Rg7 Rb1 44. Rxg6 Kf7 45. Kf5 Rh1 46. Rxf6+ Ke7 47. Rh6 Rh3 48. Rh7+ Kd8 49. Ke6 Rxf3 50. Kxd6 Ke8 51. Kxe5 Kf8 52. d6 Rf2 53. Ra7 Rf1 54. Ra8+ Kf7 55. d7 Rd1 56. d8=Q Rd5+ 57. Qxd5+ 1-0


[Site "https://www.chess.com"]

[Event "Titled Tuesday Blitz May 03 Early 2022"]
[White "Suarez Uriel, Adrian"]
[Black "Melikyan, Gnel"]
[WhiteFideId "22230874"]
[BlackFideId "54109990"]
[WhiteElo "2316"]
[BlackElo "1772"]
[Result "0-1"]
[Round "04"]
[TimeControl "180+1"]
[Date "2022.05.03"]
[WhiteClock "0:02:01"]
[BlackClock "0:01:06"]

1. e4 c5 2. Ne2 Nc6 3. d4 cxd4 4. Nxd4 e5 5. Nb5 d6 6. N1c3 a6 7. Na3 b5 8. Nd5 Nge7 9. c4 Nxd5 10. exd5 Nd4 11. Be3 Be7 12. Nc2 Nxc2+ 13. Qxc2 O-O 14. Be2 Bg5 15. O-O Bxe3 16. fxe3 Qb6 17. Qd2 bxc4 18. Bxc4 Bg4 19. Rac1 Rfc8 20. Bb3 h6 21. Rc6 Rxc6 22. dxc6 Bh5 23. Qxd6 Qxe3+ 24. Kh1 Qe2 25. Qd1 Qxd1 26. Bxd1 Bxd1 27. Rxd1 Rc8 28. Rc1 Kf8 29. b4 Ke7 30. a4 Kd6 31. b5 axb5 32. axb5 Kc7 33. Rd1 Kb6 34. Rd7 Kxb5 35. Rxf7 Rxc6 36. Kg1 g6 37. Re7 Rc5 38. Re6 Kc4 39. Rxg6 e4 40. Rxh6 e3 41. Kf1 Kd3 42. Rd6+ Ke4 43. Re6+ Kd3 44. g4 Rc1+ 45. Kg2 e2 46. h4 e1=Q 47. Rxe1 Rxe1 48. Kf3 Rf1+ 49. Kg3 Ke4 50. h5 Rg1+ 51. Kh4 Kf4 0-1


[Site "https://www.chess.com"]

[Event "Titled Tuesday Blitz May 03 Early 2022"]
[White "Svane, Rasmus"]
[Black "Donchenko, Alexander"]
[WhiteFideId "4657101"]
[BlackFideId "24603295"]
[WhiteElo "2645"]
[BlackElo "2539"]
[Result "1-0"]
[Round "04"]
[TimeControl "180+1"]
[Date "2022.05.03"]
[WhiteClock "0:00:10"]
[BlackClock "0:00:02"]

1. Nf3 d5 2. g3 Nc6 3. d4 Bf5 4. Bg2 Nb4 5. Na3 e6 6. O-O Be7 7. c3 Nc6 8. Qb3 Rb8 9. Re1 Nf6 10. Bg5 h6 11. Bxf6 Bxf6 12. Nd2 Bg5 13. f4 Be7 14. e4 dxe4 15. Nxe4 O-O 16. Nc4 b5 17. Ne3 Bxe4 18. Bxe4 Na5 19. Qc2 c5 20. d5 exd5 21. Nxd5 Bd6 22. Rad1 Re8 23. Qg2 Qc8 24. Qf3 Nc4 25. b3 Nb6 26. Nf6+ gxf6 27. Rxd6 f5 28. Rxh6 Re6 29. Qh5 Rxh6 30. Qxh6 fxe4 31. Qg5+ Kf8 32. Qh6+ Kg8 33. Rxe4 Qg4 34. Re5 Qd1+ 35. Kg2 Qc2+ 36. Kf3 Qd1+ 37. Kf2 Qc2+ 38. Kf3 Qd1+ 39. Kg2 Qc2+ 40. Kh3 Qh7 41. Qxh7+ Kxh7 42. Rxc5 a6 43. Kg4 Nd7 44. Rc7 Nf6+ 45. Kf5 Kg7 46. g4 Nd5 47. Rc5 Ne3+ 48. Kg5 f6+ 49. Kh4 Rh8+ 50. Kg3 Nf1+ 51. Kg2 Ne3+ 52. Kf3 Nf1 53. Rc7+ Kg6 54. f5+ Kh6 55. h4 Re8 56. Kf4 Nd2 57. g5+ 1-0


[Site "https://www.chess.com"]

[Event "Titled Tuesday Blitz May 03 Early 2022"]
[White "Sychev, Klementy"]
[Black "Vlassov, Nikolai"]
[WhiteFideId "4114060"]
[BlackFideId "4103360"]
[WhiteElo "2564"]
[BlackElo "2407"]
[Result "1-0"]
[Round "04"]
[TimeControl "180+1"]
[Date "2022.05.03"]
[WhiteClock "0:00:34"]
[BlackClock "0:00:22"]

1. e4 Nc6 2. Nf3 d5 3. exd5 Qxd5 4. Nc3 Qa5 5. Bb5 Bd7 6. O-O a6 7. Bxc6 Bxc6 8. d4 e6 9. Re1 Nf6 10. Ne5 Bd6 11. Nxc6 bxc6 12. Qf3 Kd7 13. Bd2 Qh5 14. Qxh5 Nxh5 15. Ne4 Nf6 16. Ng5 Ke7 17. c4 c5 18. b4 cxb4 19. c5 Nd5 20. cxd6+ cxd6 21. Rab1 a5 22. Rec1 Rhc8 23. Kf1 Rxc1+ 24. Rxc1 a4 25. Ne4 b3 26. axb3 axb3 27. Rb1 Rb8 28. Ke2 f5 29. Nc3 Nf6 30. Bg5 h6 31. Bxf6+ Kxf6 32. Kd3 e5 33. Rb2 Ke6 34. d5+ Kf6 35. Kc4 e4 36. Rxb3 Rxb3 37. Kxb3 Ke5 38. Kc4 f4 39. f3 exf3 40. gxf3 g5 41. h3 h5 42. Nd1 g4 43. hxg4 hxg4 44. fxg4 Ke4 45. Nf2+ Kf3 46. g5 Kxf2 47. g6 f3 48. g7 Ke2 49. g8=Q f2 50. Qe6+ Kd2 51. Qf5 Ke1 52. Qe4+ Kf1 53. Kd3 Kg1 54. Qg4+ Kh2 55. Ke2 1-0


[Site "https://www.chess.com"]